 Dungeon Crawl Stone Soup version 0.22-a0-537-ge9e9f76342 (webtiles) character file.

40 JackS81 the Charmwright (level 3, 0/27 HPs)
             Began as a Demonspawn Skald on June 23, 2018.
             Slain by an adder (1 damage)
             ... on level 2 of the Dungeon.
             The game lasted 00:04:50 (1213 turns).

JackS81 the Charmwright (Demonspawn Skald)          Turns: 1213, Time: 00:04:52

Health: 0/27       AC:  3    Str: 11    XL:     3   Next: 30%
Magic:  4/6        EV: 13    Int: 14    God:
Gold:   45         SH:  0    Dex: 13    Spells: 3/6 levels left

rFire    . . .     SeeInvis .   a - +0 hand axe
rCold    . . .     Gourm    .   (no shield)
rNeg     . . .     Faith    .   b - +0 leather armour
rPois    .         Spirit   .   (no helmet)
rElec    .         Reflect  .   (no cloak)
rCorr    .         Harm     .   (no gloves)
MR       .....                  (no boots)
Stlth    +.........             (no amulet)
HPRegen  0.09/turn              (no ring)
MPRegen  0.10/turn              (no ring)

@: lethally poisoned (0 -> -6), drained
A: talons 1, repulsion field 1
a: no special abilities


You were on level 2 of the Dungeon.
You were not hungry.

You visited 1 branch of the dungeon, and saw 2 of its levels.

You collected 45 gold pieces.

Inventory:

Hand Weapons
 a - a +0 hand axe (weapon)
 l - a +0 hunting sling
Missiles
 i - 17 arrows
 k - 23 bolts
 p - 41 sling bullets
Armour
 b - a +0 leather armour (worn)
Jewellery
 n - an uncursed amulet of guardian spirit {unknown}
Scrolls
 c - a scroll of blinking {unknown}
 f - a scroll of fear {unknown}
 h - a scroll of enchant armour {unknown}
 j - a scroll of remove curse {unknown}
 o - a scroll of identify {unknown}
Potions
 m - a potion of heal wounds {unknown}
 q - a potion of curing {unknown}
Comestibles
 d - 4 rations


   Skills:
 - Level 2.0(1.4) Fighting
 * Level 2.5(1.9) Axes
 * Level 1.5(0.9) Armour
 * Level 2.1(1.6) Dodging
 - Level 2.0(1.4) Spellcasting
 + Level 3.0(2.5) Charms


You had 3 spell levels left.
You knew the following spells:

 Your Spells              Type           Power        Failure   Level  Hunger
a - Infusion              Chrm           #...         12%         1    ##.....
b - Shroud of Golubria    Chrm/Tloc      #.........   30%         2    ###....

Your spell library contained the following spells:

 Spells                   Type           Power        Failure   Level  Hunger
 Regeneration             Chrm/Necr      #.........   52%         3    ####...
 Song of Slaying          Chrm           #.......     19%         2    ###....
 Spectral Weapon          Hex/Chrm       #.......     52%         3    ####...


Dungeon Overview and Level Annotations

Branches:
Dungeon (2/15)

Altars:


Innate Abilities, Weirdness & Mutations

You have sharp toenails.
You are surrounded by a mild repulsion field. (EV +2)


Message History

The adder barely misses you.
You hit the adder.
The adder is almost dead.
* * * LOW HITPOINT WARNING * * *
You feel sick. The adder closely misses you.
The adder bites you but does no damage.
You barely miss the adder. Your kick misses the adder.
The adder is almost dead.
The adder barely misses you.
It was a potion of might.
You feel very mighty all of a sudden.
* * * LOW HITPOINT WARNING * * *
You feel sick. The adder completely misses you. The adder barely misses you.
It was a potion of cancellation.
Your magical effects are unravelling.
You feel magically purged.
You feel a little less mighty now.
* * * LOW HITPOINT WARNING * * *
You feel sick. The adder bites you.
You die...

. .#### #. #.# #...# ..##.#
#...# ....# ####...####
...# #. .......#
###..###### #.##...#
#<#.......# #.@S...#
#......##.#######...#
#.....###.#......S..#
#..#................##+###
#.....#####...............
#......# #######..........
##.##..###.....#..........
#.#.....##......#..........
#.####..##......#.........$


You could see an adder.

Vanquished Creatures
  A worm (D:2)
  2 dart slugs
  2 leopard geckos (D:1)
  4 bats
  A giant cockroach (D:1)
  5 goblins
  A hobgoblin (D:1)
  3 jackals (D:1)
  9 kobolds
  A rat (D:1)
29 creatures vanquished.

Notes
Turn   | Place    | Note
-------+----------+-------------------------------------------
     0 | D:1      | JackS81 the Demonspawn Skald began the quest for the Orb.
     0 | D:1      | Reached XP level 1. HP: 16/16 MP: 3/3
    33 | D:1      | Reached skill level 1 in Armour
   430 | D:1      | Gained mutation: You have sharp toenails. [demonic ancestry]
   430 | D:1      | Reached XP level 2. HP: 14/22 MP: 0/5
   552 | D:1      | Learned a level 2 spell: Shroud of Golubria
   573 | D:1      | Reached skill level 3 in Charms
   945 | D:1      | Gained mutation: You are surrounded by a mild repulsion field. (EV +2) [demonic ancestry]
   945 | D:1      | Reached XP level 3. HP: 22/27 MP: 3/6
  1213 | D:2      | HP: 1/27 [poisoned by an adder]
  1213 | D:2      | Slain by an adder

Vault maps used:
D:1:      lightli_arrival_statuegarden
D:2:      lemuel_coloured_pillars_altar, minitemple, uniq_terence

Skill      XL: |  1  2 |
---------------+-------+-----
Armour         | 1 |  1.5
Axes           | 2 |  2.5
Dodging        | 2 |  2.1
Charms         | 3 |  3.0
Fighting       | |  2.0
Spellcasting   | |  2.0

Action                   || total
-------------------------++-------
Melee: Hand axe          ||   113
       Kick              ||    12
 Cast: Infusion          ||    15
       Shroud of Golubri ||     3
  Use: Potion            ||     2
  Eat: Chunk             ||     2
Armor: Leather armour    ||    30
Dodge: Dodged            ||    76

Table legend:
 A = Spawn XP
 B = Non-spawn XP
 C = Spawn XP percentage of total XP
 D = Spawn monster count
 E = Non-spawn monster count
 F = Spawn count percentage of total count
 G = Total turns spent on level
                    A         B        C        D         E        F      G
               +---------+---------+-------+---------+---------+-------+---------
         Total |       0 |      58 |   0.0 |       0 |      29 |   0.0 |  1213
               +---------+---------+-------+---------+---------+-------+---------
           D:1 |       0 |      41 |   0.0 |       0 |      22 |   0.0 |  1015
           D:2 |       0 |      17 |   0.0 |       0 |       7 |   0.0 |   198
               +---------+---------+-------+---------+---------+-------+---------
